 Dungeon Crawl Stone Soup version 0.21-a0-52-gbf49515 (webtiles) character file.

13 xgamer67 the Ogre Mage (level 2, -1/26 HPs)
             Began as an Ogre Wanderer on June 14, 2017.
             Slain by a hobgoblin
             ... wielding a +0 club
              (3 damage)
             ... on level 1 of the Dungeon.
             The game lasted 00:01:57 (834 turns).

xgamer67 the Ogre Mage (Ogre Wanderer)               Turns: 834, Time: 00:01:57

Health: -1/26      AC:  3    Str: 15    XL:     2   Next: 37%
Magic:  6/6        EV:  9    Int: 16    God:
Gold:   79         SH:  0    Dex:  5    Spells: 8/8 levels left

rFire    . . .     SeeInvis .   e - +0 club
rCold    . . .     Gourm    .   (no shield)
rNeg     . . .     Faith    .   d - +0 robe
rPois    .         Spirit   .   (helmet restricted)
rElec    .         Reflect  .   (no cloak)
rCorr    .         Harm     .   (gloves unavailable)
MR       .....                  (boots unavailable)
Stlth    +.........             (no amulet)
Regen    0.1/turn               (no ring)
MPRegen  0.1/turn               (no ring)

@: no status effects
A: unfitting armour, tough skin 1
a: no special abilities


You were on level 1 of the Dungeon.
You were not hungry.

You visited 1 branch of the dungeon, and saw 1 of its levels.

You collected 79 gold pieces.

Inventory:

Hand Weapons
 e - a +0 club (weapon)
Missiles
 i - 39 stones (quivered)
Armour
 d - a +0 robe (worn)
Scrolls
 g - 3 scrolls of recharging {unknown}
 h - a scroll of identify
Books
 a - a book of Geomancy

   Spells                             Type                      Level
   a - Sandblast                      Earth                        1
   b - Passwall                       Transmutation/Earth          2
   c - Stone Arrow                    Conjuration/Earth            3
   d - Petrify                        Transmutation/Earth          4
   e - Lee's Rapid Deconstruction     Earth                        5
 b - the Grimoire of Arcane Weapons

   Spells                             Type                      Level
   a - Sting                          Conjuration/Poison           1
   b - Static Discharge               Conjuration/Air              3
 c - the Almanac of Talismans

   Spells                             Type                      Level
   a - Swiftness                      Charms/Air                   2
   b - Shroud of Golubria             Charms/Translocation         2
Comestibles
 f - a bread ration
 j - a chunk of flesh


   Skills:
 + Level 0.6 Fighting
 * Level 1.5 Maces & Flails
 - Level 2.0 Throwing
 - Level 3.6 Spellcasting
   Level 1.7 Conjurations
   Level 2.6 Transmutations


You had 8 spell levels left.
You didn't know any spells.

Dungeon Overview and Level Annotations

Branches:
Dungeon (1/15)

Altars:


Innate Abilities, Weirdness & Mutations

You are too large for most types of armour.
You have tough skin. (AC +1)


Message History

You barely miss the hobgoblin.
The hobgoblin is heavily wounded.
The hobgoblin hits you but does no damage.
You barely miss the hobgoblin.
The hobgoblin is heavily wounded.
The hobgoblin hits you with a club.
* * * LOW HITPOINT WARNING * * *
You hit the hobgoblin but do no damage.
The hobgoblin is heavily wounded.
The hobgoblin hits you with a club.
* * * LOW HITPOINT WARNING * * *
The hobgoblin hits you but does no damage.
You barely miss the hobgoblin.
The hobgoblin is heavily wounded.
The hobgoblin hits you with a club.
* * * LOW HITPOINT WARNING * * *
You closely miss the hobgoblin.
The hobgoblin is heavily wounded.
The hobgoblin hits you with a club.
You die...

.. #.######.##.#####
#. ... #.##.#
+####.##.#### #.##.#
.......#..#$#.#.##.#
.......#......#.##.#
...$...#..#.###.##.#
.......%(....... #.#
......#(.#########.#
..... #..((g@......#
.... #..###########
... #.$. .. ##.## .
..# ###


You could see a hobgoblin.

Vanquished Creatures
  A giant cockroach (D:1)
  A hobgoblin (D:1)
  3 jackals (D:1)
  2 kobolds (D:1)
  3 bats (D:1)
  A frilled lizard (D:1)
  2 rats (D:1)
13 creatures vanquished.

Notes
Turn   | Place    | Note
-------+----------+-------------------------------------------
     0 | D:1      | xgamer67 the Ogre Wanderer began the quest for the Orb.
     0 | D:1      | xgamer67 set off with: a book of Geomancy, the Grimoire of Arcane Weapons, the Almanac of Talismans, a +0 robe, a +0 club, a bread ration
     0 | D:1      | Reached XP level 1. HP: 16/16 MP: 5/5
     0 | D:1      | Identified the Grimoire of Arcane Weapons
     0 | D:1      | Identified the Almanac of Talismans
   287 | D:1      | Reached skill level 1 in Maces & Flails
   301 | D:1      | Reached XP level 2. HP: 6/26 MP: 6/6
   834 | D:1      | Slain by a hobgoblin

Vault maps used:
D:1:      roderic_lyre, minmay_cut_off

Skill      XL: |  1 |
---------------+----+-----
Maces & Flails | 1 |  1.5
Fighting       | |  0.6
Throwing       | |  2.0
Spellcasting   | |  3.6
Conjurations   | |  1.7
Transmutations | |  2.6

Action                   || total
-------------------------++-------
Melee: Club              ||    93
Throw: Stone             ||     4
  Use: Potion            ||     2
       Scroll            ||     1
Armor: Robe              ||    47
       Skin              ||    24
Dodge: Dodged            ||    52
